 Dungeon Crawl Stone Soup version 0.18.1-1-g2f07953 (webtiles) character file.

251 varam the Covert (level 5, -2/24 HPs)
             Began as a Spriggan Enchanter on May 6, 2016.
             Killed by divine providence
             ... invoked by an orc priest
              (10 damage)
             ... on level 4 of the Dungeon.
             The game lasted 00:12:00 (3500 turns).

varam the Covert (Spriggan Enchanter)               Turns: 3500, Time: 00:12:00

Health: -2/24      AC:  6    Str:  4    XL:     5   Next: 88%
Magic:  4/10       EV: 18    Int: 17    God:
Gold:   152        SH:  0    Dex: 17    Spells: 3 memorised, 3 levels left

rFire  . . .     SeeInvis +     a - +1 dagger
rCold  . . .     Gourm    .     b - +1 robe
rNeg   . . .     Faith    .     (shield restricted)
rPois  .         Spirit   .     (helmet restricted)
rElec  .         Dismiss  +     m - +2 cloak
rCorr  .         Reflect  .     (gloves unavailable)
SustAt .         Harm     .     (boots unavailable)
MR     .....                    q - amulet of dismissal
Stlth  ++++......               (no ring)
                                (no ring)

@: very quick, not resistant to hostile enchantments, stealthy
A: unfitting armour, see invisible, herbivore 3, speed 3, slow metabolism 2
a: no special abilities


You were on level 4 of the Dungeon.
You were not hungry.

You visited 1 branch of the dungeon, and saw 4 of its levels.

You collected 152 gold pieces.

Inventory:

Hand Weapons
 a - a +1 dagger (weapon)
Armour
 b - a +1 robe (worn)
 m - a +2 cloak (worn)
Jewellery
 q - an amulet of dismissal (around neck)
Scrolls
 e - 5 scrolls of identify {unknown}
 h - 2 scrolls of random uselessness {unknown}
 i - a scroll of remove curse {unknown}
 k - 2 scrolls of fog {unknown}
 l - a scroll of enchant armour {unknown}
 s - a scroll of amnesia {unknown}
Potions
 f - 2 potions of curing {unknown}
 g - 3 potions of flight {unknown}
 n - a potion of degeneration {unknown}
 o - 2 potions of berserk rage {unknown}
 p - a potion of agility {unknown}
 r - a potion of lignification {unknown}
Books
 c - a book of Maledictions

   Spells                             Type                      Level
   a - Corona                         Hexes                        1
   b - Ensorcelled Hibernation        Hexes/Ice                    2
   c - Confuse                        Hexes                        3
   d - Tukima's Dance                 Hexes                        3
   e - Dazzling Spray                 Conjuration/Hexes            3
Comestibles
 d - a bread ration
 j - 7 fruits


   Skills:
 * Level 4.5 Short Blades
 - Level 3.0 Dodging
 + Level 8.0 Stealth
 - Level 2.6 Spellcasting
 - Level 3.6 Hexes


You had 3 spell levels left.
You knew the following spells:

 Your Spells              Type           Power        Failure   Level  Hunger
a - Ensorcelled Hibernat  Hex/Ice        #.....       17%         2    ##.....
b - Corona                Hex            ##.....      4%          1    #......
c - Confuse               Hex            ##......     14%         3    ###....


Dungeon Overview and Level Annotations

Branches:
Dungeon (4/15)
 Temple: D:4-7

Altars:


Innate Abilities, Weirdness & Mutations

You are tiny and cannot use many weapons and most armour.
You have supernaturally acute eyesight.
You are a herbivore.
You cover ground extremely quickly.
You need consume almost no food.


Message History

The orc misses you.
The orc priest mumbles some strange prayers to Beogh against you.
Beogh smites you!
Ouch! That really hurt!
Casting: Confuse
Confirm with . or Enter, or press ? or * to list all spells.
Aiming: Confuse
Press: ? - help, Shift-Dir - straight line, f - orc
Aim: an orc, wielding a short sword (heavily wounded, chance to defeat MR: 81%)
The orc appears confused.
The orc throws a tomahawk.
The tomahawk completely misses you.
Casting: Confuse
Confirm with . or Enter, or press ? or * to list all spells.
Aiming: Confuse
Press: ? - help, Shift-Dir - straight line, f - orc, p - orc
Aim: an orc, wielding a short sword (chance to defeat MR: 81%)
The orc appears confused.
The orc priest calls down the wrath of Beogh upon you.
Beogh smites you!
You die...

#....# #....#
#...## ##...#
#...## #..(#
########...#
...........##
########.@..#
##o.##.#
#%.(# ..#
#.o#....#
#.)##.8...#
#o## .....#
#.. #...%.
#o# ..... o.
....#


You could see an orc priest and 3 orcs.

Vanquished Creatures
  The ghost of spinks the Skirmisher, an amateur MiBe of Trog (D:3)
  An orc priest (D:4)
  An orc wizard (D:3)
  2 adders (D:2)
  3 worms (D:2)
  4 dart slugs
  A giant gecko (D:3)
  5 orcs (D:3)
  3 giant cockroaches
  6 goblins
  8 hobgoblins
  5 jackals
  6 kobolds
  5 bats
  3 giant newts
  11 rats
65 creatures vanquished.

Notes
Turn   | Place    | Note
--------------------------------------------------------------
     0 | D:1      | varam the Spriggan Enchanter began the quest for the Orb.
     0 | D:1      | Reached XP level 1. HP: 9/9 MP: 5/5
   523 | D:1      | Reached XP level 2. HP: 12/13 MP: 3/6
   550 | D:1      | Learned a level 2 spell: Ensorcelled Hibernation
   571 | D:1      | Reached skill level 5 in Stealth
  1028 | D:2      | Reached XP level 3. HP: 13/16 MP: 4/8
  1439 | D:2      | Reached skill level 6 in Stealth
  2149 | D:2      | Reached XP level 4. HP: 21/21 MP: 5/9
  2350 | D:3      | Noticed spinks's ghost (amateur MiBe)
  2419 | D:3      | Learned a level 3 spell: Confuse
  2441 | D:3      | Killed spinks's ghost
  2441 | D:3      | Reached skill level 7 in Stealth
  2441 | D:3      | Reached XP level 5. HP: 16/24 MP: 7/10
  3493 | D:4      | Reached skill level 8 in Stealth
  3500 | D:4      | Killed from afar by an orc priest

Skill      XL: |  1  2  3  4  5 |
---------------+----------------+-----
Stealth        | 5 6 7 8 |  8.0
Short Blades   | 2 3 4 |  4.5
Dodging        | |  3.0
Spellcasting   | |  2.6
Hexes          | |  3.6

Action                   |  1- 3 |  4- 6 || total
-------------------------+-------+-------++-------
Melee: Dagger            |    96 |   130 ||   226
 Cast: Corona            |    16 |     3 ||    19
       Ensorcelled Hiber |    27 |     5 ||    32
       Confuse           |       |    20 ||    20
 Stab: Sleeping          |    27 |     6 ||    33
       Confused          |       |     8 ||     8
  Eat: Bread ration      |     1 |       ||     1
Armor: Robe              |    10 |    21 ||    31
Dodge: Dodged            |    73 |    92 ||   165
